[Event "VIII Open Semana Santa-B 2024"]
[Site "San Vicente del Raspeig"]
[Date "2024.03.27"]
[Round "1.1"]
[White "Demerson Joly, Javier"]
[Black "Ghezzali, Leana"]
[Result "1-0"]
[ECO "A24"]
[WhiteElo "1900"]
[BlackElo "1660"]
[Annotator "NA RC"]
[PlyCount "77"]
[EventDate "2024.03.27"]
[EventType "swiss"]
[EventCountry "ESP"]
[SourceTitle "playchess.com"]
[Source "ChessBase"]
[SourceQuality "1"]
[TimeControl "5400+30"]

1. c4 e5 2. Nc3 Nf6 3. Nf3 d6 4. d4 exd4 5. Nxd4 Nbd7 6. g3 g6 7. Bg2 Bg7 8. O-O O-O 9. a3 a5 10. b3 c6 11. Be3 Nc5 12. Qc2 Re8 13. Rad1 Qe7 14. Rfe1 Nfe4 15. Nxe4 Nxe4 16. Bxe4 Qxe4 17. Qxe4 Rxe4 18. Kg2 Bd7 19. Rd3 Rae8 20. Red1 Bc8 21. a4 d5 22. cxd5 cxd5 23. Nb5 R4e7 24. Nd6 Rd8 25. Nxc8 Rxc8 26. Rxd5 h5 27. Rxa5 Rb8 28. Rad5 b5 29. Bf4 Ra8 30. Rd8+ Re8 31. Rxe8+ Rxe8 32. Kf3 b4 33. Rd2 Bc3 34. Rc2 Ra8 35. Bd2 Rc8 36. Bxc3 bxc3 37. Ke3 Kg7 38. Kd3 Rd8+ 39. Kxc3 1-0

[Event "VIII Open Semana Santa-B 2024"]
[Site "San Vicente del Raspeig"]
[Date "2024.03.27"]
[Round "1.2"]
[White "Sanchez Parare, Loresmar Karina"]
[Black "Garcia Ruano, Juan Carlos"]
[Result "0-1"]
[ECO "A85"]
[WhiteElo "1657"]
[BlackElo "1885"]
[Annotator "NA RC"]
[PlyCount "50"]
[EventDate "2024.03.27"]
[EventType "swiss"]
[EventCountry "ESP"]
[SourceTitle "playchess.com"]
[Source "ChessBase"]
[SourceQuality "1"]
[TimeControl "5400+30"]

1. c4 f5 2. e3 Nf6 3. Nc3 e6 4. d4 d5 5. Qc2 c6 6. Nf3 Bd6 7. a3 O-O 8. b3 Ne4 9. Bb2 Nd7 10. Be2 Ndf6 11. h3 Bd7 12. O-O-O Nxf2 13. g4 Nxd1 14. Bxd1 Ne4 15. gxf5 exf5 16. Qg2 Qe7 17. cxd5 Nxc3 18. Bxc3 Bxa3+ 19. Kd2 cxd5 20. Ne5 Be6 21. h4 Rac8 22. h5 f4 23. Ng6 fxe3+ 24. Kxe3 Rxc3+ 25. Ke2 Bg4+ 0-1

[Event "VIII Open Semana Santa-B 2024"]
[Site "San Vicente del Raspeig"]
[Date "2024.03.27"]
[Round "1.3"]
[White "Seleznev, Egor"]
[Black "Souloumiac, Thibault"]
[Result "1-0"]
[ECO "D02"]
[WhiteElo "1885"]
[BlackElo "1657"]
[Annotator "NA RC"]
[PlyCount "73"]
[EventDate "2024.03.27"]
[EventType "swiss"]
[EventCountry "ESP"]
[SourceTitle "playchess.com"]
[Source "ChessBase"]
[SourceQuality "1"]
[TimeControl "5400+30"]

1. d4 Nf6 2. Bf4 e6 3. e3 d5 4. Bd3 c5 5. c3 Nc6 6. Nf3 Nh5 7. Bg5 Be7 8. Bxe7 Qxe7 9. O-O O-O 10. Ne5 g6 11. f4 Ng7 12. Nd2 Nf5 13. Qe2 cxd4 14. exd4 Nxe5 15. fxe5 Bd7 16. Rae1 Qg5 17. Nf3 Qh5 18. g3 Qg4 19. Qg2 a6 20. Kf2 Bb5 21. Bxb5 axb5 22. h3 Qxg3+ 23. Qxg3 Nxg3 24. Kxg3 Rxa2 25. Re2 h6 26. Ne1 Ra1 27. Ref2 Ra2 28. Nd3 b6 29. h4 Ra7 30. h5 g5 31. Rf6 Kg7 32. Kf2 Rc8 33. Ke2 Rc4 34. Kd2 Rac7 35. Rc1 Ra7 36. Rc2 Raa4 37. b3 1-0

[Event "VIII Open Semana Santa-B 2024"]
[Site "San Vicente del Raspeig"]
[Date "2024.03.27"]
[Round "1.4"]
[White "Travieso Obourke, Juan Carlos"]
[Black "Amoros Moran, Jose Joaquin"]
[Result "0-1"]
[ECO "B50"]
[WhiteElo "1651"]
[BlackElo "1883"]
[Annotator "NA RC"]
[PlyCount "72"]
[EventDate "2024.03.27"]
[EventType "swiss"]
[EventCountry "ESP"]
[SourceTitle "playchess.com"]
[Source "ChessBase"]
[SourceQuality "1"]
[TimeControl "5400+30"]

1. e4 c5 2. Nf3 d6 3. d3 Nc6 4. Nc3 g6 5. Bd2 Bg7 6. a3 Nf6 7. Rb1 O-O 8. Be2 b6 9. Qc1 Ba6 10. Bh6 Rc8 11. Bxg7 Kxg7 12. h3 h6 13. g4 Nd7 14. h4 Nd4 15. h5 Nxf3+ 16. Bxf3 g5 17. Bg2 Ne5 18. f4 gxf4 19. Qxf4 e6 20. Ke2 Qg5 21. Qxg5+ hxg5 22. Bh3 b5 23. Rbf1 b4 24. Nd1 c4 25. c3 cxd3+ 26. Kf2 bxa3 27. bxa3 Rc4 28. Ke3 Ra4 29. Rfg1 Rxa3 30. Rg2 Ra4 31. Rgh2 Ra1 32. h6+ Kh7 33. Nb2 Rxh1 34. Rxh1 Rb8 35. Rh2 Rxb2 36. Rxb2 Nc4+ 0-1

[Event "VIII Open Semana Santa-B 2024"]
[Site "San Vicente del Raspeig"]
[Date "2024.03.27"]
[Round "1.5"]
[White "Carretero Ajo, Jesus"]
[Black "Garcia Solbes, Juan Felipe"]
[Result "1-0"]
[ECO "C47"]
[WhiteElo "1876"]
[BlackElo "1650"]
[Annotator "NA RC"]
[PlyCount "65"]
[EventDate "2024.03.27"]
[EventType "swiss"]
[EventCountry "ESP"]
[SourceTitle "playchess.com"]
[Source "ChessBase"]
[SourceQuality "1"]
[TimeControl "5400+30"]

1. e4 e5 2. Nf3 Nc6 3. Nc3 Nf6 4. d4 exd4 5. Nxd4 Be7 6. Nf5 O-O 7. Bd3 d5 8. Nxe7+ Qxe7 9. Bg5 Qe6 10. Bxf6 Qxf6 11. Nxd5 Qxb2 12. O-O Be6 13. Nxc7 Rac8 14. Nxe6 fxe6 15. Rb1 Qxa2 16. Rxb7 Rf7 17. Rxf7 Kxf7 18. Qh5+ Kg8 19. Rd1 Qa5 20. Bb5 Nd4 21. Rxd4 g6 22. Qe2 Rb8 23. Bc4 Qb6 24. Rd1 a5 25. Bb3 Rc8 26. Qd3 Qc6 27. Qd6 Qxd6 28. Rxd6 Kf7 29. Bxe6+ Ke7 30. Bxc8 Kxd6 31. Bb7 a4 32. Bd5 Ke5 33. Kf1 1-0

[Event "VIII Open Semana Santa-B 2024"]
[Site "San Vicente del Raspeig"]
[Date "2024.03.27"]
[Round "1.9"]
[White "Zlyvko, Myroslav"]
[Black "Sancho Pascual, Emilio"]
[Result "1/2-1/2"]
[ECO "D04"]
[WhiteElo "1869"]
[BlackElo "1635"]
[Annotator "NA RC"]
[PlyCount "60"]
[EventDate "2024.03.27"]
[EventType "swiss"]
[EventCountry "ESP"]
[SourceTitle "playchess.com"]
[Source "ChessBase"]
[SourceQuality "1"]
[TimeControl "5400+30"]

1. d4 c6 2. Nf3 d5 3. e3 Nf6 4. Bd3 Bg4 5. b3 Nbd7 6. Bb2 e6 7. O-O Bd6 8. Nbd2 O-O 9. h3 Bf5 10. Ne5 Qc7 11. f4 Ne4 12. Bxe4 Bxe4 13. Nxe4 dxe4 14. c4 f6 15. Nxd7 Qxd7 16. Qc2 f5 17. Rad1 Qf7 18. g4 Qg6 19. Qg2 Rad8 20. g5 Rf7 21. Kf2 Rfd7 22. Kg1 Rf7 23. Qe2 h6 24. h4 hxg5 25. hxg5 Rff8 26. Rf2 Kf7 27. Rh2 Rh8 28. Qg2 Rh7 29. Rxh7 Qxh7 30. d5 exd5 1/2-1/2

[Event "VIII Open Semana Santa-B 2024"]
[Site "San Vicente del Raspeig"]
[Date "2024.03.27"]
[Round "1.10"]
[White "Khomenko, Arseniy"]
[Black "Herrero Ferrando, Salvador"]
[Result "*"]
[ECO "B45"]
[WhiteElo "1633"]
[BlackElo "1854"]
[Annotator "NA RC"]
[PlyCount "96"]
[EventDate "2024.03.27"]
[EventType "swiss"]
[EventCountry "ESP"]
[SourceTitle "playchess.com"]
[Source "ChessBase"]
[SourceQuality "1"]
[TimeControl "5400+30"]

1. e4 c5 2. Nf3 e6 3. d4 cxd4 4. Nxd4 Nc6 5. a3 Nf6 6. Nc3 Bc5 7. Nxc6 bxc6 8. Be2 d5 9. Bf3 Ba6 10. b4 Bd6 11. Rb1 Bc4 12. Bg5 Be5 13. Qd2 dxe4 14. Nxe4 Qxd2+ 15. Nxd2 Bd5 16. O-O Bc3 17. Bxd5 cxd5 18. Nf3 O-O 19. Bd2 Rfc8 20. Rfc1 Ne4 21. Bxc3 Nxc3 22. Ra1 Ne2+ 23. Kf1 Nxc1 24. Rxc1 Rc3 25. a4 Rb8 26. b5 Rc4 27. a5 Rxb5 28. h3 Rxa5 29. Rb1 Rc8 30. Ke1 f6 31. Kd2 Ra2 32. Rc1 a5 33. Nd4 e5 34. Nf5 Kf8 35. Nd6 Rc6 36. Nb5 d4 37. Kd3 Rb2 38. Na7 Rc3+ 39. Ke4 Rcxc2 40. Rd1 Rb7 41. Kf5 Rxa7 42. Ke6 Rc6+ 43. Kd5 Rcc7 44. Ke6 a4 45. Rb1 Rc8 46. g3 a3 47. g4 a2 48. Ra1 Rb8 *

[Event "VIII Open Semana Santa-B 2024"]
[Site "San Vicente del Raspeig"]
[Date "2024.03.28"]
[Round "2.1"]
[White "Garcia Vives, Joan"]
[Black "Demerson Joly, Javier"]
[Result "1/2-1/2"]
[ECO "C42"]
[WhiteElo "1783"]
[BlackElo "1900"]
[Annotator "RC"]
[PlyCount "60"]
[EventDate "2024.03.27"]
[EventType "swiss"]
[EventCountry "ESP"]
[SourceTitle "playchess.com"]
[Source "ChessBase"]
[SourceQuality "1"]
[TimeControl "5400+30"]

1. e4 e5 2. Nf3 Nf6 3. Nxe5 d6 4. Nf3 Nxe4 5. d4 d5 6. Bd3 Bf5 7. O-O Be7 8. Re1 O-O 9. c4 c6 10. Nc3 Nxc3 11. bxc3 Bxd3 12. Qxd3 dxc4 13. Qxc4 Nd7 14. Bf4 Bf6 15. Bd6 Nb6 16. Qc5 Re8 17. Rxe8+ Qxe8 18. Re1 Qd7 19. Be7 Re8 20. Bxf6 Rxe1+ 21. Nxe1 gxf6 22. Qa5 Nc8 23. Nd3 b6 24. Qa4 Ne7 25. g3 Nd5 26. Qc4 Qe6 27. Nb4 Qe1+ 28. Kg2 Qe4+ 29. Kg1 Qe1+ 30. Kg2 Qe4+ 1/2-1/2

[Event "VIII Open Semana Santa-B 2024"]
[Site "San Vicente del Raspeig"]
[Date "2024.03.28"]
[Round "2.2"]
[White "Garcia Ruano, Juan Carlos"]
[Black "Soler Nadal, Jose Antonio"]
[Result "1-0"]
[ECO "B13"]
[WhiteElo "1885"]
[BlackElo "1781"]
[Annotator "NA RC"]
[PlyCount "145"]
[EventDate "2024.03.27"]
[EventType "swiss"]
[EventCountry "ESP"]
[SourceTitle "playchess.com"]
[Source "ChessBase"]
[SourceQuality "1"]
[TimeControl "5400+30"]

1. e4 c6 2. d4 d5 3. exd5 cxd5 4. Bd3 Nf6 5. c3 Nc6 6. Bf4 Bg4 7. Qb3 Na5 8. Qc2 e6 {[%emt 0:03:18] B13: Caro-Kann: Exchange Variation and Panov-Botvinnik Attack.} 9. Nd2 Bd6 10. Bxd6 Qxd6 11. Ngf3 Nc6 12. O-O Bh5 13. Rae1 Rc8 14. Qb1 Nd7 15. Re3 Bg6 16. Rfe1 O-O 17. Ne5 Ndxe5 18. dxe5 Qc7 19. Nb3 d4 20. Nxd4 Nxd4 21. cxd4 Rfd8 22. Bxg6 hxg6 23. Qe4 Qb6 24. Rb3 Rxd4 25. Qf3 Qa5 26. Rf1 b6 27. Qb7 Rdc4 28. Ra3 Qxe5 29. Rxa7 R4c7 30. Qxb6 Rc1 31. Qe3 Qxb2 32. g3 Rxf1+ 33. Kxf1 Rc1+ 34. Kg2 Qb1 35. Qf4 Rg1+ 36. Kh3 Qf1+ 37. Kg4 f5+ 38. Kg5 Qd1 39. Ra8+ Kh7 40. Qh4+ Qh5+ 41. Qxh5+ gxh5 42. Kxh5 Rg2 43. f4 Rxh2+ 44. Kg5 Rh3 45. Ra3 Rh2 46. Re3 Rxa2 47. Rxe6 Rg2 48. Re3 Rb2 49. Kxf5 Rb5+ 50. Kg4 Kg6 51. Re7 Kf6 52. Rc7 Rd5 53. Rc4 Rb5 54. Kh4 Rb1 55. Kg4 Rb5 56. Rc6+ Kf7 57. Kh4 Rb1 58. Kg5 Rb3 59. Rc7+ Kg8 60. g4 Rb5+ 61. Kg6 Rb6+ 62. Kh5 Rh6+ 63. Kg5 Rb6 64. Rc5 Kh7 65. Kh4 Rh6+ 66. Kg3 Rb6 67. g5 Rb3+ 68. Kg4 Rb6 69. f5 Rb4+ 70. Kh5 Rb8 71. Rc7 Kg8 72. Kg6 Ra8 73. Rxg7+ 1-0

[Event "VIII Open Semana Santa-B 2024"]
[Site "San Vicente del Raspeig"]
[Date "2024.03.28"]
[Round "2.3"]
[White "Zhuravlev, Matvey R"]
[Black "Seleznev, Egor"]
[Result "1-0"]
[ECO "E01"]
[WhiteElo "1774"]
[BlackElo "1885"]
[Annotator "NA RC"]
[PlyCount "151"]
[EventDate "2024.03.27"]
[EventType "swiss"]
[EventCountry "ESP"]
[SourceTitle "playchess.com"]
[Source "ChessBase"]
[SourceQuality "1"]
[TimeControl "5400+30"]

1. d4 e6 2. c4 Nf6 3. g3 d5 4. Nf3 c6 5. Qd3 Bb4+ 6. Bd2 {[%emt 0:00:18] E01: Catalan: Early deviations.} Bd6 7. Nc3 Nbd7 8. Bg2 h6 9. O-O O-O 10. e4 dxc4 11. Qxc4 e5 12. Rfd1 Qe7 13. h3 exd4 14. Nxd4 Nb6 15. Qb3 Be6 16. Nxe6 Qxe6 17. Qxe6 fxe6 18. b3 Rad8 19. Be3 Be5 20. Rxd8 Rxd8 21. Rd1 Rxd1+ 22. Nxd1 Bd6 23. Nb2 Nfd7 24. Nd3 e5 25. Bf1 Kf7 26. f3 Nc8 27. Kf2 b5 28. f4 Bc7 29. Nb4 Nb8 30. Nd3 Nd7 31. fxe5 Nxe5 32. Nxe5+ Bxe5 33. Be2 Ke7 34. Bg4 Nd6 35. Kf3 a6 36. h4 a5 37. Bd2 a4 38. bxa4 bxa4 39. Bf4 Nc4 40. Ke2 Kd6 41. Kd3 Nb6 42. Be2 c5 43. Kc2 Bxf4 44. gxf4 c4 45. Kc3 Kc5 46. a3 g6 47. Bf1 Nc8 48. Bxc4 Nd6 49. Bd3 Nc8 50. Bc2 Nb6 51. Bd3 h5 52. Bf1 Nc8 53. Kd3 Nd6 54. Ke3 Ne8 55. e5 Nc7 56. Bd3 Nd5+ 57. Kf3 Ne7 58. Bc2 Kd5 59. Bxa4 Nf5 60. Bb3+ Kc6 61. Bf7 Nxh4+ 62. Ke4 Nf5 63. Bxg6 Ng3+ 64. Kf3 h4 65. Bd3 (65. f5 $142 Kd5 66. f6 Ke6 67. Kg4 Nf1 68. Bf5+ (68. Kxh4 Nd2 $18) 68... Kd5 69. e6 (69. Kxh4 Ne3 $18) 69... h3 70. e7 (70. Kxh3 Ne3 71. e7 Nxf5 72. e8=Q Nd6 73. Qe7 Kc6 74. Qe6 Kc5)) 65... Nh5 66. Kg4 Ng7 67. Kxh4 Kd5 68. Kg4 Ne6 69. Kf5 Ng7+ 70. Kf6 Ne8+ 71. Ke7 Nc7 {[%emt 0:00:00] [#]} 72. e6 $1 Kd4 73. Bb1 Nd5+ 74. Kd7 Nf6+ 75. Kd8 Ke3 76. f5 1-0

[Event "VIII Open Semana Santa-B 2024"]
[Site "San Vicente del Raspeig"]
[Date "2024.03.28"]
[Round "2.5"]
[White "Serrano Requena, Guillem"]
[Black "Carretero Ajo, Jesus"]
[Result "1/2-1/2"]
[ECO "D03"]
[WhiteElo "1768"]
[BlackElo "1876"]
[Annotator "NA RC"]
[PlyCount "53"]
[EventDate "2024.03.27"]
[EventType "swiss"]
[EventCountry "ESP"]
[SourceTitle "playchess.com"]
[Source "ChessBase"]
[SourceQuality "1"]
[TimeControl "5400+30"]

1. d4 d5 2. Nf3 Nf6 3. Bg5 Ne4 4. Bh4 h5 5. Nfd2 g5 6. Nxe4 gxh4 7. Ned2 Nc6 8. e3 Bf5 9. c3 e6 10. h3 Bd6 11. Nf3 Rg8 12. Rg1 Qf6 13. Qb3 Kd7 14. Nbd2 Rg7 15. a3 Rag8 16. Rh1 Kc8 17. c4 Na5 18. Qa4 Nxc4 19. Bxc4 dxc4 20. e4 Bf4 21. exf5 Bxd2+ 22. Kxd2 Rxg2 23. Rag1 b5 24. Qxb5 Rxg1 25. Rxg1 Rxg1 26. Qe8+ Kb7 27. Qb5+ 1/2-1/2

[Event "VIII Open Semana Santa-B 2024"]
[Site "San Vicente del Raspeig"]
[Date "2024.03.28"]
[Round "2.6"]
[White "Ruiz de Leon Merlo, Esther"]
[Black "Mochon Bernal, Jorge"]
[Result "1-0"]
[ECO "A31"]
[WhiteElo "1873"]
[BlackElo "1762"]
[Annotator "NA RC"]
[PlyCount "43"]
[EventDate "2024.03.27"]
[EventType "swiss"]
[EventCountry "ESP"]
[SourceTitle "playchess.com"]
[Source "ChessBase"]
[SourceQuality "1"]
[TimeControl "5400+30"]

1. d4 Nf6 2. c4 c5 3. Nf3 g6 4. Nc3 cxd4 5. Nxd4 Bg7 6. e4 d6 7. Be2 O-O 8. Be3 b6 9. f4 Bb7 10. Bf3 Nbd7 11. O-O Rc8 12. b3 Nc5 13. Qc2 Ne8 14. Rad1 Qc7 15. Ndb5 Qb8 16. Nd5 Bxd5 17. exd5 Nc7 18. Nd4 b5 19. Nc6 Qb7 20. Nxe7+ Kh8 21. Nxc8 Qxc8 22. f5 1-0

[Event "VIII Open Semana Santa-B 2024"]
[Site "San Vicente del Raspeig"]
[Date "2024.03.28"]
[Round "2.7"]
[White "Grau Sansaloni, Francisco"]
[Black "Torralba Brosa, Marc"]
[Result "0-1"]
[ECO "A05"]
[WhiteElo "1762"]
[BlackElo "1869"]
[Annotator "NA RC"]
[PlyCount "76"]
[EventDate "2024.03.27"]
[EventType "swiss"]
[EventCountry "ESP"]
[SourceTitle "playchess.com"]
[Source "ChessBase"]
[SourceQuality "1"]
[TimeControl "5400+30"]

1. b3 Nf6 2. Bb2 g6 3. e4 d6 4. d3 Bg7 5. Nf3 O-O 6. Be2 c5 7. Nbd2 Nc6 8. Qc1 a6 9. O-O b5 10. c4 b4 11. d4 cxd4 12. Nxd4 Bb7 13. Nxc6 Bxc6 14. Qc2 Nd7 15. Bxg7 Kxg7 16. Qb2+ Kg8 17. Qd4 Nc5 18. Bf3 Ne6 19. Qe3 a5 20. g3 Qd7 21. Bg2 Qa7 22. Qd3 Nc5 23. Qc2 Qb7 24. f3 Qb6 25. Kh1 Ne6 26. Rad1 a4 27. Qd3 axb3 28. axb3 Ra2 29. Ra1 Rfa8 30. Rxa2 Rxa2 31. Qe2 Qd4 32. Rd1 Nc5 33. f4 Qb2 34. Qe1 Nxb3 35. Nxb3 Qxb3 36. Rb1 Qc2 37. Rc1 Qb2 38. Rb1 Qxg2# 0-1

[Event "VIII Open Semana Santa-B 2024"]
[Site "San Vicente del Raspeig"]
[Date "2024.03.28"]
[Round "3.1"]
[White "Pridhish Kumar S"]
[Black "Garcia Ruano, Juan Carlos"]
[Result "1/2-1/2"]
[ECO "A49"]
[WhiteElo "1809"]
[BlackElo "1885"]
[Annotator "NA RC"]
[PlyCount "49"]
[EventDate "2024.03.27"]
[EventType "swiss"]
[EventCountry "ESP"]
[SourceTitle "playchess.com"]
[Source "ChessBase"]
[SourceQuality "1"]
[TimeControl "5400+30"]

1. Nf3 c5 2. g3 Nc6 3. d4 cxd4 4. Nxd4 g6 5. Bg2 Bg7 6. c3 Nf6 7. O-O O-O 8. Be3 d5 9. Nd2 e5 10. Nxc6 bxc6 11. Bc5 Re8 12. e4 Qc7 13. b4 Be6 14. Qc2 Rad8 15. Rfe1 dxe4 16. Nxe4 Nxe4 17. Bxe4 f5 18. Bg2 e4 19. Rad1 a5 20. a4 axb4 21. cxb4 Qf7 22. Rxd8 Rxd8 23. a5 Bb3 24. Qc1 Rd3 25. Bf1 1/2-1/2

[Event "VIII Open Semana Santa-B 2024"]
[Site "San Vicente del Raspeig"]
[Date "2024.03.28"]
[Round "3.2"]
[White "Tabuenca Dopico, Pedro"]
[Black "Amoros Moran, Jose Joaquin"]
[Result "0-1"]
[ECO "B06"]
[WhiteElo "1797"]
[BlackElo "1883"]
[Annotator "NA RC"]
[PlyCount "60"]
[EventDate "2024.03.27"]
[EventType "swiss"]
[EventCountry "ESP"]
[SourceTitle "playchess.com"]
[Source "ChessBase"]
[SourceQuality "1"]
[TimeControl "5400+30"]

1. e4 c5 2. Ne2 d6 3. g3 g6 4. Bg2 Bg7 5. c3 Nf6 6. d4 Nbd7 7. O-O O-O 8. h3 Rb8 9. Be3 b6 10. Nd2 Qc7 11. f4 Bb7 12. Rc1 b5 13. f5 e5 14. d5 c4 15. g4 h6 16. Ng3 Nc5 17. Bxc5 Qxc5+ 18. Kh2 Nh7 19. a3 Bf6 20. Nf3 Ng5 21. Nh4 Kg7 22. Rc2 Nh7 23. Nf3 Ng5 24. Nh4 a5 25. Rcf2 b4 26. axb4 axb4 27. fxg6 fxg6 28. Nf3 bxc3 29. Nxg5 Bxg5 30. bxc3 Rxf2 0-1

[Event "VIII Open Semana Santa-B 2024"]
[Site "San Vicente del Raspeig"]
[Date "2024.03.28"]
[Round "3.3"]
[White "Ruiz de Leon Merlo, Esther"]
[Black "Prochaieva, Tina"]
[Result "*"]
[ECO "A84"]
[WhiteElo "1873"]
[BlackElo "1792"]
[Annotator "NA RC"]
[PlyCount "30"]
[EventDate "2024.03.27"]
[EventType "swiss"]
[EventCountry "ESP"]
[SourceTitle "playchess.com"]
[Source "ChessBase"]
[SourceQuality "1"]
[TimeControl "5400+30"]

1. d4 f5 2. c4 e6 3. Nc3 Nf6 4. Bf4 c6 5. Qc2 d5 6. Nf3 Be7 7. e3 Ne4 8. Bd3 O-O 9. g4 Na6 10. a3 Qa5 11. Ke2 Bd7 12. Ne5 Be8 13. f3 fxg4 14. fxe4 Rxf4 15. exf4 Bh5 *

[Event "VIII Open Semana Santa-B 2024"]
[Site "San Vicente del Raspeig"]
[Date "2024.03.28"]
[Round "3.3"]
[White "Ruiz de Leon Merlo, Esther"]
[Black "Prochaieva, Tina"]
[Result "1/2-1/2"]
[ECO "B22"]
[WhiteElo "1873"]
[BlackElo "1792"]
[Annotator "NA RC"]
[PlyCount "65"]
[EventDate "2024.03.27"]
[EventType "swiss"]
[EventCountry "ESP"]
[SourceTitle "playchess.com"]
[Source "ChessBase"]
[SourceQuality "1"]
[TimeControl "5400+30"]

1. e4 c5 2. c3 d5 3. exd5 Qxd5 4. d4 Nf6 5. Nf3 e6 6. Na3 a6 7. Nc4 Nbd7 8. Be2 cxd4 9. Qxd4 Bc5 10. Qf4 b5 11. Ne3 Qd6 12. Qxd6 Bxd6 13. a4 b4 14. Nc4 Be7 15. cxb4 Bxb4+ 16. Bd2 Bxd2+ 17. Nfxd2 Ke7 18. Na5 Ne5 19. f4 Ng6 20. O-O Bd7 21. g3 Rab8 22. Rfb1 Rhc8 23. Bxa6 Rc2 24. Ndc4 Nd5 25. b3 Nc3 26. Re1 Ne2+ 27. Kh1 Nd4 28. Re3 Ra8 29. Bb7 Ra7 30. Be4 Re2 31. Rxe2 Nxe2 32. Nc6+ Bxc6 33. Bxc6 1/2-1/2

[Event "VIII Open Semana Santa-B 2024"]
[Site "San Vicente del Raspeig"]
[Date "2024.03.28"]
[Round "3.5"]
[White "Gutierrez Lupion, Nuria"]
[Black "Herrero Ferrando, Salvador"]
[Result "1/2-1/2"]
[ECO "C55"]
[WhiteElo "1785"]
[BlackElo "1854"]
[Annotator "NA RC"]
[PlyCount "63"]
[EventDate "2024.03.27"]
[EventType "swiss"]
[EventCountry "ESP"]
[SourceTitle "playchess.com"]
[Source "ChessBase"]
[SourceQuality "1"]
[TimeControl "5400+30"]

1. e4 e5 2. Nf3 Nc6 3. Bc4 Nf6 4. d3 Be7 5. Nbd2 d5 6. Bb3 dxe4 7. dxe4 O-O 8. O-O Bc5 9. c3 Qe7 10. Qe2 a6 11. a4 a5 12. Bc2 h6 13. Nc4 Nh7 14. Re1 Bg4 15. Ne3 Bxe3 16. Qxe3 Rad8 17. b3 Rfe8 18. h3 Bc8 19. Ba3 Qf6 20. Rad1 Ng5 21. Nxg5 Qxg5 22. Qxg5 hxg5 23. Rd3 Rxd3 24. Bxd3 Be6 25. b4 Bb3 26. Bb5 Ra8 27. bxa5 Rxa5 28. Bb4 Ra8 29. Bxc6 bxc6 30. a5 c5 31. Bxc5 Rxa5 32. Bb4 1/2-1/2

[Event "VIII Open Semana Santa-B 2024"]
[Site "San Vicente del Raspeig"]
[Date "2024.03.28"]
[Round "3.6"]
[White "Carrillo, Jose Antonio"]
[Black "Zhuravlev, Matvey R"]
[Result "1-0"]
[ECO "E06"]
[WhiteElo "1843"]
[BlackElo "1774"]
[Annotator "NA RC"]
[PlyCount "40"]
[EventDate "2024.03.27"]
[EventType "swiss"]
[EventCountry "ESP"]
[SourceTitle "playchess.com"]
[Source "ChessBase"]
[SourceQuality "1"]
[TimeControl "5400+30"]

1. d4 d5 2. Nf3 Nf6 3. g3 e6 4. Bg2 Be7 5. O-O O-O 6. c4 c6 7. Nbd2 b6 8. Qc2 Bb7 9. Rd1 Na6 10. a3 Rc8 11. e4 c5 12. dxc5 Nxc5 13. exd5 exd5 14. b4 Ne6 15. Bb2 dxc4 16. Nxc4 Bd5 17. Ng5 Nxg5 18. Bxf6 Rxc4 19. Qxc4 Bxc4 20. Rxd8 Bxd8 1-0

[Event "VIII Open Semana Santa-B 2024"]
[Site "San Vicente del Raspeig"]
[Date "2024.03.29"]
[Round "4.1"]
[White "Amoros Moran, Jose Joaquin"]
[Black "Perea Sardon, Francisco Javier"]
[Result "1-0"]
[ECO "B12"]
[WhiteElo "1883"]
[BlackElo "1749"]
[Annotator "NA RC"]
[PlyCount "118"]
[EventDate "2024.03.27"]
[EventType "swiss"]
[EventCountry "ESP"]
[SourceTitle "playchess.com"]
[Source "ChessBase"]
[SourceQuality "1"]
[TimeControl "5400+30"]

1. e4 c6 2. d4 d5 3. e5 Bf5 4. c4 e6 5. Nc3 Ne7 6. a3 dxc4 7. Bxc4 Nd7 8. Nge2 Nb6 9. Bb3 Qd7 10. O-O O-O-O 11. Be3 Nbd5 12. Rc1 Nxc3 13. Nxc3 Nd5 14. Bxd5 exd5 15. b4 Kb8 16. Qb3 Bd3 17. Rfe1 Bc4 18. Qc2 Be7 19. Ne4 Qf5 20. Ng3 Qxc2 21. Rxc2 Kc8 22. f4 h6 23. Rf2 g6 24. f5 g5 25. f6 Bf8 26. Rd1 Kd7 27. Nh5 Ke6 28. g4 a5 29. Bd2 axb4 30. axb4 Ra8 31. Be1 Ra3 32. Rb2 b6 33. Ng3 Kd7 34. Rbb1 Kc7 35. Ra1 Rxa1 36. Rxa1 Kb7 37. Rb1 Ka6 38. Ra1+ Kb7 39. Bc3 Bd3 40. Re1 Kc7 41. Nf5 Be4 42. Ng3 Bg6 43. Bd2 Rh7 44. Kg2 Rh8 45. h3 Rh7 46. Nf5 Rh8 47. Kg3 Rh7 48. Rh1 Rh8 49. Ra1 Kb7 $16 50. Rh1 Kc7 51. h4 Rg8 52. hxg5 hxg5 53. Rh2 Kb7 54. Rh1 Kc7 55. Rh2 Kb7 56. Rf2 Bh7 57. Ne7 Bxe7 58. fxe7 Bg6 59. e6 Bh7 1-0

[Event "VIII Open Semana Santa-B 2024"]
[Site "San Vicente del Raspeig"]
[Date "2024.03.29"]
[Round "4.1"]
[White "Amoros Moran, Jose Joaquin"]
[Black "Perea Sardon, Francisco Javier"]
[Result "*"]
[ECO "B12"]
[WhiteElo "1883"]
[BlackElo "1749"]
[Annotator "NA RC"]
[PlyCount "30"]
[EventDate "2024.03.27"]
[EventType "swiss"]
[EventCountry "ESP"]
[SourceTitle "playchess.com"]
[Source "ChessBase"]
[SourceQuality "1"]
[TimeControl "5400+30"]

1. e4 c6 2. d4 d5 3. e5 Bf5 4. c4 e6 5. Nc3 Ne7 6. a3 dxc4 7. Bxc4 Nd7 8. Nge2 Nb6 9. Bb3 Qd7 10. O-O O-O-O 11. Be3 Nbd5 12. Re1 Nxc3 13. Nxc3 Nd5 14. Bxd5 exd5 15. b4 Kb8 *

[Event "VIII Open Semana Santa-B 2024"]
[Site "San Vicente del Raspeig"]
[Date "2024.03.29"]
[Round "4.2"]
[White "Elizondo Marquet, Juan Marcos"]
[Black "Torralba Brosa, Marc"]
[Result "1/2-1/2"]
[ECO "A37"]
[WhiteElo "1813"]
[BlackElo "1869"]
[Annotator "NA RC"]
[PlyCount "58"]
[EventDate "2024.03.27"]
[EventType "swiss"]
[EventCountry "ESP"]
[SourceTitle "playchess.com"]
[Source "ChessBase"]
[SourceQuality "1"]
[TimeControl "5400+30"]

1. c4 c5 2. g3 Nc6 3. Bg2 g6 4. Nc3 Bg7 5. Nf3 e5 6. d3 Nge7 7. O-O O-O 8. e4 d6 9. Bg5 f6 10. Be3 f5 11. Bg5 h6 12. Bxe7 Nxe7 13. a3 Nc6 14. Rb1 a5 15. Nd5 fxe4 16. dxe4 Bg4 17. h3 Bxf3 18. Bxf3 Nd4 19. Bg2 a4 20. h4 Kh7 21. h5 g5 22. Qg4 Qc8 23. Qxc8 Raxc8 24. Nb6 Rc7 25. Nxa4 Rcf7 26. Nc3 g4 27. b4 cxb4 28. Rxb4 Nc2 29. Ra4 Nd4 1/2-1/2